 Dungeon Crawl Stone Soup version 0.24-a0-516-g9de272bb65 (webtiles) character file.

Game seed: 4871134210392616272

128 Ebbett the Stinger (level 5, 0/37 HPs)
             Began as a Gnoll Venom Mage on July 22, 2019.
             Killed by divine providence
             ... invoked by an orc priest
              (13 damage)
             ... on level 3 of the Dungeon.
             The game lasted 00:08:30 (2168 turns).

Ebbett the Stinger (Gnoll Venom Mage)               Turns: 2168, Time: 00:08:30

Health: 0/37       AC:  3    Str: 10    XL:     5   Next: 12%
Magic:  9/12       EV: 15    Int: 23    God:
Gold:   160        SH:  0    Dex: 16    Spells: 13/14 levels left

rFire    + + .     SeeInvis .   p - +0 mace
rCold    + . .     Gourm    .   (no shield)
rNeg     . . .     Faith    .   a - +0 robe
rPois    +         Spirit   .   (no helmet)
rElec    +         Reflect  .   (no cloak)
rCorr    +         Harm     .   m - +0 pair of gloves (curse)
MR       .....                  (no boots)
Stlth    +++.......             f - amulet of regeneration
HPRegen  0.52/turn              k - +5 ring of intelligence
MPRegen  0.13/turn              l - ring of protection from fire

@: resistant
A: distributed training, fangs 1, strong nose
a: no special abilities


You were on level 3 of the Dungeon.
You were not hungry.

You visited 1 branch of the dungeon, and saw 3 of its levels.

You collected 160 gold pieces.

Inventory:

Hand Weapons
 b - a +0 whip
 p - a +0 mace (weapon)
Missiles
 e - 19 bolts
 h - 10 poisoned darts (quivered)
Armour
 a - a +0 robe (worn)
 m - a cursed +0 pair of gloves (worn)
Jewellery
 f - an amulet of regeneration (around neck)
 k - a +5 ring of intelligence (left hand)
 l - a ring of protection from fire (right hand)
Wands
 q - a wand of acid (8)
Scrolls
 d - a scroll of fear
 i - a scroll of enchant weapon
Potions
 j - a potion of might
Comestibles
 c - 5 rations


   Skills:
 + Level 1.3 Fighting
 + Level 1.3 Short Blades
 + Level 1.3 Long Blades
 + Level 1.3 Axes
 + Level 1.3 Maces & Flails
 + Level 1.3 Polearms
 + Level 1.3 Staves
 + Level 1.3 Slings
 + Level 1.3 Bows
 + Level 1.3 Crossbows
 + Level 1.3 Throwing
 + Level 1.3 Armour
 + Level 4.7 Dodging
 + Level 4.3 Stealth
 + Level 1.3 Shields
 + Level 1.3 Unarmed Combat
 + Level 5.1 Spellcasting
 + Level 2.3 Conjurations
 + Level 1.1 Hexes
 + Level 1.1 Charms
 + Level 1.1 Summonings
 + Level 1.1 Necromancy
 + Level 1.1 Translocations
 + Level 1.1 Transmutations
 + Level 1.1 Fire Magic
 + Level 1.1 Ice Magic
 + Level 1.1 Air Magic
 + Level 1.1 Earth Magic
 + Level 5.5 Poison Magic
 + Level 1.5 Invocations
 + Level 1.3 Evocations


You had 13 spell levels left.
You knew the following spells:

 Your Spells              Type           Power        Failure   Level  Hunger
a - Sting                 Conj/Pois      ###.         1%          1    None

Your spell library contained the following spells:

 Spells                   Type           Power        Failure   Level  Hunger
 Poisonous Vapours        Pois/Air       ###...       3%          2    None
 Mephitic Cloud           Conj/Pois/Air  ###.....     9%          3    ##.....
 Olgreb's Toxic Radiance  Pois           ####....     10%         4    ####...
 Venom Bolt               Conj/Pois      ###.......   45%         5    #####..


Dungeon Overview and Level Annotations

Branches:
Dungeon (3/15)

Altars:


Innate Abilities, Weirdness & Mutations

Your experience applies equally to all skills.
You have very sharp teeth.
Your uncanny sense of smell can sniff out nearby items.


Message History

Press: ? - help, Shift-Dir - straight line, f - orc priest
Aim: an orc priest, wielding a +0 trident and wearing a +0 leather armour (hasn't noticed you)
The sting hits the orc priest.
The orc priest is poisoned.
The orc priest is moderately wounded.
The orc priest shouts!
The orc priest calls down the wrath of Beogh upon you.
Pain shoots through your body!
Casting: Sting (safe; 1% risk of failure)
Confirm with . or Enter, or press ? or * to list all spells.
Aiming: Sting (safe; 1% risk of failure)
Press: ? - help, Shift-Dir - straight line, f - orc wizard, p - orc priest
Aim: an orc wizard, wielding a +0 dagger and wearing a +0 robe (hasn't noticed you)
The sting hits the orc wizard.
The orc wizard is poisoned.
The orc wizard is moderately wounded.
The orc wizard shouts!
The orc priest mumbles some strange prayers to Beogh against you.
Beogh smites you!
The orc priest mumbles some strange prayers to Beogh against you.
Beogh smites you!
You die...

..................'.........'....
.######.####.....##.........####.
..# #.#####.#.o###.......######
..# #..........# ##.....##.....
.)# ##########o# ##...###.####
..# #.# ##'## #.# #.# #.# ## .#
####.######.# #) #...@....##.####
#. #.##.###.......# #.
#.##...........#.###)
#.##.###.....#.#...).
#.##......#..#.#####.
#.##.###..##....†)...
#.##.###..##.#.######
#.>.)........#.# #########......#


You could see an orc priest and an orc wizard.

Vanquished Creatures
  A worker ant (D:3)
  2 adders
  A shadow imp (D:3)
  3 oozes
  2 dart slugs (D:2)
  3 leopard geckos
  8 orcs (D:3)
  3 giant cockroaches
  A hobgoblin (D:1)
  7 bats
  11 frilled lizards
  8 goblins
  4 kobolds
  4 rats
58 creatures vanquished.

Notes
Turn   | Place    | Note
-------+----------+-------------------------------------------
     0 | D:1      | Ebbett the Gnoll Venom Mage began the quest for the Orb.
     0 | D:1      | Reached XP level 1. HP: 13/13 MP: 6/6
   165 | D:1      | Reached XP level 2. HP: 19/19 MP: 2/7
   498 | D:1      | Reached XP level 3. HP: 14/25 MP: 7/9
   593 | D:1      | Reached skill level 5 in Spellcasting
   874 | D:2      | Reached skill level 1 in Invocations
  1068 | D:2      | Reached skill level 1 in Fighting
  1068 | D:2      | Reached skill level 1 in Short Blades
  1068 | D:2      | Reached skill level 1 in Long Blades
  1068 | D:2      | Reached skill level 1 in Axes
  1068 | D:2      | Reached skill level 1 in Maces & Flails
  1068 | D:2      | Reached skill level 1 in Polearms
  1068 | D:2      | Reached skill level 1 in Staves
  1068 | D:2      | Reached skill level 1 in Slings
  1068 | D:2      | Reached skill level 1 in Bows
  1068 | D:2      | Reached skill level 1 in Crossbows
  1068 | D:2      | Reached skill level 1 in Throwing
  1068 | D:2      | Reached skill level 1 in Armour
  1068 | D:2      | Reached skill level 1 in Shields
  1068 | D:2      | Reached skill level 1 in Unarmed Combat
  1068 | D:2      | Reached skill level 1 in Evocations
  1137 | D:2      | Reached XP level 4. HP: 32/32 MP: 9/11
  1950 | D:3      | Reached skill level 1 in Hexes
  1950 | D:3      | Reached skill level 1 in Charms
  1950 | D:3      | Reached skill level 1 in Summonings
  1950 | D:3      | Reached skill level 1 in Necromancy
  1950 | D:3      | Reached skill level 1 in Translocations
  1950 | D:3      | Reached skill level 1 in Transmutations
  1950 | D:3      | Reached skill level 1 in Fire Magic
  1950 | D:3      | Reached skill level 1 in Ice Magic
  1950 | D:3      | Reached skill level 1 in Air Magic
  1950 | D:3      | Reached skill level 1 in Earth Magic
  2066 | D:3      | Reached XP level 5. HP: 17/37 MP: 1/12
  2168 | D:3      | Killed from afar by an orc priest

Levels and vault maps discovered:
D:1:      dpeg_arrival_shelter, layout_basic, minmay_misc_feat_diagonals,
          minmay_pentomino_q2
D:2:      layout_basic, minmay_lizard_pond
D:3:      cheibrodos_thug_alley, layout_loops_corners,
          okawaru_metal_pillars_1_2, first_ration, ebering_ghost_sewer_d

Skill      XL: |  1  2  3  4 |
---------------+-------------+-----
Conjurations   | 2 |  2.3
Spellcasting   | 5 |  5.1
Invocations    | 1 |  1.5
Fighting       | 1 |  1.3
Short Blades   | 1 |  1.3
Long Blades    | 1 |  1.3
Axes           | 1 |  1.3
Maces & Flails | 1 |  1.3
Polearms       | 1 |  1.3
Staves         | 1 |  1.3
Slings         | 1 |  1.3
Bows           | 1 |  1.3
Crossbows      | 1 |  1.3
Throwing       | 1 |  1.3
Armour         | 1 |  1.3
Shields        | 1 |  1.3
Unarmed Combat | 1 |  1.3
Evocations     | 1 |  1.3
Hexes          | 1 |  1.1
Charms         | 1 |  1.1
Summonings     | 1 |  1.1
Necromancy     | 1 |  1.1
Translocations | 1 |  1.1
Transmutations | 1 |  1.1
Fire Magic     | 1 |  1.1
Ice Magic      | 1 |  1.1
Air Magic      | 1 |  1.1
Earth Magic    | 1 |  1.1
Dodging        | |  4.7
Stealth        | |  4.3
Poison Magic   | |  5.5

Action                   |  1- 3 |  4- 6 || total
-------------------------+-------+-------++-------
Melee: Unarmed           |    18 |     4 ||    22
       Bite              |     1 |     3 ||     4
       Mace              |       |    11 ||    11
 Cast: Sting             |    51 |    41 ||    92
  Use: Scroll            |     3 |     2 ||     5
       Potion            |     2 |     1 ||     3
  Eat: Chunk             |     1 |     2 ||     3
       Ration            |       |     1 ||     1
Armor: Robe              |     5 |     3 ||     8
Dodge: Dodged            |    27 |    14 ||    41

Table legend:
 A = Non-vault XP
 B = Vault XP
 C = Vault XP percentage of total XP
 D = Non-vault monster count
 E = Vault monster count
 F = Vault count percentage of total count
                 A         B        C        D         E       F
            +---------+---------+-------+---------+---------+-------
      Total |     174 |      10 |   5.4 |      48 |      10 |  17.2
            +---------+---------+-------+---------+---------+-------
        D:1 |      36 |       2 |   5.3 |      19 |       2 |   9.5
        D:2 |      50 |       8 |  13.8 |      15 |       8 |  34.8
        D:3 |      88 |       0 |   0.0 |      14 |       0 |   0.0
            +---------+---------+-------+---------+---------+-------
